Map: Dusk Towers

Players

capac

  • Race: Terran Terran
  • League: Gold

Zakarum - Winner!

  • Race: Zerg Zerg
  • League: Platinum

VOD

Have the link to the VOD?

Description

Time

  • Played on: Feb. 16, 2016, 2:24 p.m.
  • Length: 13:05
Show
View Real Time Build Order
Export as new Build Order

capac Terran 

Build Orders: Bio Tank 

Get SALT Encoding   

  12  0:01  SCV  
  13  0:13  SCV  
  14  0:21  Supply Depot  
  14  0:26  SCV  
  15  0:42  SCV  
  16  0:45  Barracks  
  16  0:48  Refinery  
  16  0:54  SCV  
  17  1:06  SCV  
  18  1:18  SCV  
  19  1:31  SCV  
  19  1:32  Marine  
  21  1:33  Supply Depot  
  21  1:46  SCV  
  22  1:54  Factory  
  23  2:02  Orbital Command  
  22  2:11  Command Center  
  22  2:18  Marine  
  23  2:31  SCV  
  24  2:39  Factory Tech Lab  
  24  2:50  SCV  
  25  2:53  Refinery  
  25  2:58  Siege Tank  
  28  2:59  Marine  
  29  3:06  SCV  
  30  3:18  Marine  
  30  3:26  Barracks, Orbital Command  
  30  3:28  Barracks  
  30  3:36  Siege Tank  
  30  3:37  SCV  
  30  3:40  Marine  
  35  3:46  Refinery  
  35  3:49  SCV  
  36  3:58  SCV  
  36  4:01  SCV  
  38  4:06  Engineering Bay  
  38  4:07  Marine  
  38  4:09  Engineering Bay  
  39  4:10  Siege Tank  
  39  4:11  SCV  
  39  4:13  SCV  
  44  4:20  Supply Depot  
  44  4:24  Refinery  
  44  4:31  SCV x2  
  46  4:41  Marine x2  
  48  4:47  Terran Infantry Weapons Level 1, Terran Infantry Armor Level 1  
  48  4:49  Marine  
  49  4:53  SCV x2  
  49  4:59  Marine  
  52  5:01  Missile Turret  
  52  5:07  Supply Depot  
  52  5:09  SCV x2  
  54  5:18  Barracks Tech Lab  
  54  5:19  Barracks Reactor  
  54  5:20  Starport  
  54  5:22  Marine  
  54  5:25  SCV  
  56  5:31  Missile Turret  
  56  5:39  SCV x2  
  58  5:45  Stimpack  
  58  5:50  Marine  
  58  5:51  Marine, SCV x2  
  62  6:01  Starport Reactor  
  62  6:03  SCV  
  62  6:04  Armory, SCV  
  64  6:16  SCV x2  
  65  6:26  Siege Tank  
  65  6:28  SCV x2  
  70  6:35  Supply Depot, Marine x3  
  70  6:39  Medivac x2  
  77  6:44  SCV x2  
  79  6:57  Supply Depot  
  79  6:59  Command Center  
  80  7:10  Marine x2  
  80  7:12  Barracks Reactor  
  81  7:17  Marine  
  82  7:22  Medivac  
  82  7:23  Medivac  
  82  7:28  Marine x2  
  88  7:32  Siege Tank  
  88  7:34  Terran Infantry Weapons Level 2  
  88  7:35  Marine, Terran Infantry Armor Level 2  
  92  7:46  Marine x2  
  92  7:47  Supply Depot  
  94  7:53  Marine  
  95  8:03  Marine  
  96  8:07  Combat Shields  
  96  8:46  Marine x3  
  96  8:47  Marine x2  
  98  8:59  Siege Tank  
  101  9:04  Marine x4  
  80  9:30  Liberator  
  80  9:31  Liberator  
  75  9:44  Siege Tank  
  75  9:45  Marine x4  
  76  9:51  Marine  
  79  9:57  Barracks  
  79  9:58  Barracks  
  79  10:00  Barracks  
  79  10:03  Marine  
  80  10:11  Terran Infantry Armor Level 3, Terran Infantry Weapons Level 3  
  80  10:17  Starport  
  80  10:25  Marine x2  
  80  10:26  Marine x3  
  85  10:30  Siege Tank  
  67  10:58  Marine  
  67  10:59  Marine x2  
  67  11:10  Marine x3  
  67  11:16  Marine  
  67  11:34  Marine x3  
  70  11:47  Marine x3, Command Center  
  70  11:48  Barracks  
  70  11:52  Marine x2  
  75  12:00  Marine  
  76  12:04  Marine  
  76  12:05  Marine  
  78  12:11  Marine  
  78  12:12  Marine x2  
  81  12:18  Marine  
  81  12:22  Marine  
  82  12:25  Marine  
  82  12:29  Marine x2  
  85  12:31  Supply Depot  
  85  12:33  Supply Depot  
  85  12:35  Marine  
  87  12:41  Starport Reactor  
  93  12:45  Marine x2  
Show
View Real Time Build Order
Export as new Build Order

Zakarum Zerg - Winner!

Build Orders: 3 Hatch before Pool, Lurkers 

Get SALT Encoding   

  12  0:01  Drone  
  13  0:13  Drone  
  14  0:17  Overlord  
  14  0:36  Drone x2  
  14  0:37  Drone  
  17  0:56  Drone  
  18  0:58  Hatchery  
  17  1:21  Hatchery  
  16  1:33  Spawning Pool  
  16  1:35  Drone  
  16  1:36  Extractor  
  16  1:38  Drone  
  16  1:42  Drone  
  17  1:49  Drone  
  18  2:04  Drone  
  19  2:08  Drone  
  20  2:18  Overlord  
  20  2:31  Zergling x2  
  20  2:34  Queen x2  
  25  2:42  Overlord  
  25  2:46  Overlord  
  25  2:52  Drone  
  25  2:54  Drone x2  
  25  2:58  Drone  
  29  3:04  Zergling x4  
  31  3:11  Baneling Nest  
  30  3:20  Queen  
  30  3:25  Metabolic Boost  
  32  3:28  Drone  
  32  3:33  Extractor, Drone  
  33  3:36  Drone  
  33  3:39  Drone  
  35  3:42  Drone  
  35  3:44  Drone  
  35  3:47  Drone  
  38  3:50  Drone  
  38  3:53  Drone  
  40  3:56  Drone  
  40  3:59  Drone  
  42  4:04  Zergling x2  
  42  4:05  Zergling x2  
  42  4:07  Baneling  
  42  4:08  Baneling x2  
  44  4:13  Zergling x4  
  44  4:16  Overlord  
  46  4:20  Overlord  
  46  4:24  Baneling  
  46  4:25  Baneling  
  46  4:28  Drone x2  
  46  4:29  Drone  
  49  4:31  Drone  
  49  4:36  Lair  
  50  4:42  Spore Crawler  
  50  4:45  Drone  
  50  4:46  Spore Crawler  
  50  4:47  Drone  
  50  4:54  Queen  
  50  4:56  Drone  
  50  4:57  Drone  
  50  4:59  Drone  
  55  5:05  Drone  
  56  5:12  Hatchery  
  55  5:15  Drone x2  
  55  5:18  Drone  
  55  5:19  Drone  
  55  5:20  Drone  
  60  5:22  Drone  
  60  5:23  Drone  
  60  5:25  Drone  
  63  5:29  Drone  
  63  5:35  Extractor, Drone  
  64  5:36  Extractor, Drone  
  64  5:37  Drone x2  
  64  5:40  Overlord  
  66  5:43  Overlord  
  66  5:57  Roach Warren  
  66  5:58  Drone  
  66  6:00  Evolution Chamber  
  66  6:04  Evolution Chamber  
  64  6:05  Drone x3  
  64  6:06  Drone  
  64  6:07  Overlord  
  64  6:08  Overlord  
  68  6:13  Drone x3  
  68  6:17  Drone  
  72  6:29  Zerg Missile Weapons Level 1  
  72  6:30  Zerg Ground Armor Level 1  
  72  6:35  Pneumatized Carapace  
  72  6:37  Drone  
  72  6:38  Drone  
  74  6:41  Extractor, Drone x2  
  74  6:42  Extractor, Drone  
  74  6:44  Drone x3  
  74  6:46  Roach x8  
  94  6:52  Overlord  
  94  6:55  Overlord  
  94  6:59  Drone  
  94  7:00  Drone x2  
  97  7:06  Drone x2  
  97  7:08  Overlord x3  
  99  7:10  Overseer  
  99  7:12  Glial Reconstitution  
  99  7:16  Hydralisk Den  
  99  7:20  Drone  
  99  7:24  Overlord  
  99  7:25  Overlord  
  99  7:32  Drone  
  99  7:34  Overlord  
  99  7:35  Overseer  
  100  7:42  Roach  
  100  7:43  Roach x9  
  120  7:47  Ravager x2  
  120  7:48  Ravager  
  120  7:49  Ravager  
  120  7:50  Ravager  
  125  7:52  Roach x5  
  125  7:53  Roach  
  137  7:59  Hydralisk x4  
  145  8:13  Ravager x4  
  145  8:24  Lurker Den  
  145  8:27  Zerg Missile Weapons Level 2  
  143  8:31  Zerg Ground Armor Level 2  
  143  8:33  Zergling x8  
  143  8:34  Zergling x18  
  154  8:49  Overlord x4  
  154  9:03  Overlord  
  133  9:25  Hydralisk  
  133  9:26  Zergling x4, Roach x2  
  133  9:27  Zergling x4, Roach x2  
  144  9:53  Zergling x4, Roach x4  
  144  9:57  Lurker x4  
  156  10:05  Infestation Pit  
  156  10:06  Hydralisk  
  155  10:07  Hydralisk x6  
  123  11:05  Hydralisk  
  123  11:06  Hydralisk x12  
  145  11:35  Zergling x6, Roach x4  
  150  11:52  Hatchery  
  150  11:54  Lurker x7  
  150  11:55  Zergling x2  
  150  11:56  Zergling x8  
  161  12:04  Hatchery  
  160  12:15  Drone x12  
  172  12:23  Spine Crawler x3  
  172  12:24  Spine Crawler, Extractor  
  172  12:25  Spine Crawler  
  172  12:28  Extractor  
Tags
 
Add a new tag
Caveats
  • Supply blocks, unpowered buildings, or Contaminate may cause inaccurate times.
  • Supply counts are checked every 10 seconds.